[Event "32nd Pula Open 2018"]
[Site "Pula"]
[Date "2018.06.23"]
[Round "1"]
[White "Guid, Matej"]
[Black "Neubauer, Anton"]
[Result "1-0"]
[ECO "C06"]
[WhiteElo "2358"]
[BlackElo "1850"]
[Annotator "RC"]
[PlyCount "36"]
[EventDate "2018.??.??"]
[EventCountry "CRO"]
[SourceTitle "playchess.com"]
[Source "ChessBase"]
[SourceQuality "1"]
[TimeControl "5400+30"]

1. e4 e6 2. d4 d5 3. Nd2 Nf6 4. e5 Nfd7 5. Bd3 c5 6. c3 cxd4 7. cxd4 Nc6 8. Ngf3 Be7 9. O-O O-O 10. Re1 f6 11. exf6 Nxf6 12. Nb3 Bd6 13. Bg5 Qc7 14. Rc1 Qf7 15. Bh4 Qh5 16. Bg3 Bxg3 17. fxg3 Re8 18. h3 e5 1-0

[Event "32nd Pula Open 2018"]
[Site "Pula"]
[Date "2018.06.23"]
[Round "1"]
[White "Krsnik Cohar, Ivan Vihor"]
[Black "Klement, Ottomar"]
[Result "1-0"]
[ECO "A33"]
[WhiteElo "2309"]
[BlackElo "1839"]
[Annotator "NA"]
[PlyCount "53"]
[EventDate "2018.??.??"]
[EventCountry "CRO"]
[SourceTitle "playchess.com"]
[Source "ChessBase"]
[SourceQuality "1"]
[TimeControl "5400+30"]

1. c4 c5 2. g3 Nf6 3. Bg2 e6 4. Nf3 Nc6 5. O-O Be7 6. d4 cxd4 7. Nxd4 O-O 8. Nc3 a6 9. b3 Nxd4 10. Qxd4 d6 11. Bb2 Qc7 12. Rfd1 e5 13. Qd2 Bf5 14. Rac1 Rad8 15. b4 b6 16. Qe3 Qb8 17. h3 h6 18. b5 d5 19. Nxd5 Nxd5 20. Bxd5 axb5 21. Bxe5 Qa7 22. Bd4 Rd6 23. Qe5 Rf6 24. Qf4 Bd6 25. Qf3 Bc2 26. Bxf6 Bxd1 27. Qg4 1-0

[Event "32nd Pula Open 2018"]
[Site "Pula"]
[Date "2018.06.23"]
[Round "1"]
[White "Schnepel, Thomas"]
[Black "Ostovic, Matija"]
[Result "0-1"]
[ECO "B07"]
[WhiteElo "1841"]
[BlackElo "2352"]
[Annotator "RC"]
[PlyCount "49"]
[EventDate "2018.??.??"]
[EventCountry "CRO"]
[SourceTitle "playchess.com"]
[Source "ChessBase"]
[SourceQuality "1"]
[TimeControl "5400+30"]

1. e4 d6 2. d4 Nf6 3. Nc3 Nbd7 4. f4 e5 5. dxe5 dxe5 6. f5 Bc5 7. Bg5 c6 8. Qf3 Qb6 9. Nge2 Qxb2 10. Rb1 Qxc2 11. Rc1 Qb2 12. Rb1 Qa3 13. Rb3 Qa5 14. Bd2 Qc7 15. g4 h6 16. h4 h5 17. g5 Ng4 18. Na4 Bf2+ 19. Kd1 b5 20. Nb2 Bb6 21. Nd3 c5 22. Rxb5 c4 23. Nb4 Nf2+ 24. Ke1 Nxh1 25. Qxh1 0-1

[Event "32nd Pula Open 2018"]
[Site "Pula"]
[Date "2018.06.26"]
[Round "5"]
[White "Ostovic, Matija"]
[Black "Horton, Andrew P"]
[Result "1/2-1/2"]
[ECO "E14"]
[WhiteElo "2352"]
[BlackElo "2407"]
[Annotator "ChessBase"]
[PlyCount "47"]
[EventDate "2018.??.??"]
[EventCountry "CRO"]
[SourceTitle "playchess.com"]
[Source "ChessBase"]
[SourceQuality "1"]
[TimeControl "5400+30"]

1. d4 Nf6 2. c4 e6 3. Nf3 Bb4+ 4. Nbd2 b6 5. a3 Bxd2+ 6. Qxd2 Bb7 7. e3 O-O 8. Be2 a5 9. b3 d6 10. O-O Nbd7 11. Bb2 Qe7 12. b4 Ne4 13. Qc2 f5 14. d5 e5 15. Nd2 Nxd2 16. Qxd2 Rfe8 17. Qc2 Qf7 18. f4 exf4 19. Rxf4 axb4 20. axb4 Rxa1+ 21. Bxa1 Rxe3 22. Bd4 Re4 23. Rxe4 fxe4 24. Qxe4 1/2-1/2

[Event "32nd Pula Open 2018"]
[Site "Pula"]
[Date "2018.06.26"]
[Round "5"]
[White "Krsnik Cohar, Ivan Vihor"]
[Black "Loncar, Robert"]
[Result "1/2-1/2"]
[ECO "A17"]
[WhiteElo "2309"]
[BlackElo "2423"]
[Annotator "RC"]
[PlyCount "63"]
[EventDate "2018.??.??"]
[EventCountry "CRO"]
[SourceTitle "playchess.com"]
[Source "ChessBase"]
[SourceQuality "1"]
[TimeControl "5400+30"]

1. c4 e6 2. g3 d5 3. Bg2 Nf6 4. d4 Bb4+ 5. Nc3 O-O 6. a3 Be7 7. Nf3 a6 8. O-O dxc4 9. Ne5 c5 10. dxc5 Qc7 11. Nxc4 Bxc5 12. Be3 Bxe3 13. Nxe3 Bd7 14. Rc1 Bc6 15. Ne4 Nxe4 16. Bxe4 Qe5 17. Bxc6 Nxc6 18. Nc4 Qb5 19. e3 Rad8 20. Qc2 Qh5 21. Qe4 Rd5 22. Rc2 Rfd8 23. Kg2 h6 24. Rfc1 Rd3 25. Rc3 Rxc3 26. Rxc3 Qe2 27. Qc2 Qg4 28. h3 Qh5 29. Rd3 Rxd3 30. Qxd3 Qb5 31. Qc3 Qc5 32. Qd3 1/2-1/2

[Event "32nd Pula Open 2018"]
[Site "Pula"]
[Date "2018.06.28"]
[Round "7"]
[White "Franic, Milan"]
[Black "Petran, Peter"]
[Result "1-0"]
[ECO "A42"]
[WhiteElo "2379"]
[BlackElo "2302"]
[Annotator "ChessBase"]
[PlyCount "79"]
[EventDate "2018.??.??"]
[EventCountry "CRO"]
[SourceTitle "playchess.com"]
[Source "ChessBase"]
[SourceQuality "1"]
[TimeControl "5400+30"]

1. d4 g6 2. c4 Bg7 3. Nc3 d6 4. e4 e5 5. d5 f5 6. exf5 gxf5 7. Qh5+ Kf8 8. g3 Nf6 9. Qe2 c5 10. Nf3 Na6 11. Bh3 Bd7 12. O-O f4 13. Bxd7 Qxd7 14. Ng5 Nc7 15. gxf4 Re8 16. Qf3 e4 17. Ngxe4 Nxe4 18. Nxe4 b5 19. f5 Rg8 20. Kh1 Rxe4 21. Qxe4 bxc4 22. Rg1 Qf7 23. Bf4 Qxd5 24. Qxd5 Nxd5 25. Bxd6+ Kf7 26. Rad1 Nb4 27. Bxc5 Nd3 28. f6 Bxf6 29. Rxg8 Kxg8 30. Bxa7 Bxb2 31. a4 Kf7 32. Be3 Bc3 33. Kg2 Ke6 34. Rb1 Bb4 35. Kf3 c3 36. Rd1 Nb2 37. Rd4 Bc5 38. Re4+ Kd5 39. Bxc5 Kxc5 40. Ke2 1-0

[Event "32nd Pula Open 2018"]
[Site "Pula"]
[Date "2018.06.28"]
[Round "7"]
[White "Krsnik Cohar, Ivan Vihor"]
[Black "Filipovic, Branko"]
[Result "1/2-1/2"]
[ECO "D31"]
[WhiteElo "2309"]
[BlackElo "2378"]
[Annotator "ChessBase"]
[PlyCount "242"]
[EventDate "2018.??.??"]
[EventCountry "CRO"]
[SourceTitle "playchess.com"]
[Source "ChessBase"]
[SourceQuality "1"]
[TimeControl "5400+30"]

1. c4 a6 2. Nc3 e6 3. d4 d5 4. g3 Nf6 5. Bg2 c6 6. e4 dxe4 7. Nge2 Nbd7 8. O-O Be7 9. Nxe4 Nxe4 10. Bxe4 Nf6 11. Bg2 O-O 12. b3 Qa5 13. Bb2 Rd8 14. Qc2 Ba3 15. Rad1 Bxb2 16. Qxb2 Bd7 17. Nf4 Qc7 18. Rfe1 Re8 19. Nd3 Rad8 20. Ne5 Bc8 21. c5 Re7 22. b4 Nd5 23. Nc4 Qb8 24. a4 Nc7 25. f4 Ne8 26. b5 axb5 27. axb5 cxb5 28. Qxb5 Qc7 29. Qb6 Red7 30. d5 exd5 31. Rxd5 Qxb6 32. Nxb6 Rxd5 33. Bxd5 Nc7 34. Nxc8 Nxd5 35. Nd6 b6 36. Re5 Nf6 37. cxb6 Rxd6 38. b7 Rb6 39. Rc5 g5 40. Rc8+ Kg7 41. b8=Q Rxb8 42. Rxb8 gxf4 43. gxf4 Nd5 44. f5 Ne7 45. Rb5 Kf6 46. Rb6+ Kg5 47. f6 Ng8 48. Kg2 Nxf6 49. h4+ Kf5 50. Kf3 Ng4 51. Kg3 h6 52. Rb7 f6 53. Rg7 h5 54. Rh7 Kg6 55. Rh8 Nh6 56. Ra8 Nf5+ 57. Kh3 Nh6 58. Ra4 Ng4 59. Kg3 Kf5 60. Ra5+ Ne5 61. Ra8 Nf7 62. Ra7 Kg6 63. Kf4 Ne5 64. Ra3 Ng4 65. Rg3 Kf7 66. Kf5 Nh6+ 67. Ke4 Ng8 68. Ra3 Nh6 69. Ra5 Kg6 70. Rb5 Ng4 71. Kf4 Ne5 72. Ke4 Ng4 73. Rb8 Nh6 74. Rb2 Ng4 75. Rg2 Kf7 76. Rg3 Nh6 77. Rb3 Kg6 78. Rb5 Ng4 79. Kd5 Ne3+ 80. Ke6 Ng2 81. Rb4 Kg7 82. Ra4 Kg6 83. Re4 f5 84. Ra4 f4 85. Ke5 f3 86. Ra6+ Kg7 87. Ra2 Nxh4 88. Kf4 Ng6+ 89. Kg5 Ne5 90. Ra7+ Kg8 91. Kxh5 f2 92. Ra1 Kf7 93. Rf1 Nd3 94. Kg4 Ke6 95. Kf3 Kd5 96. Ke3 Ne5 97. Kxf2 Ke4 98. Rh1 Kf4 99. Rh4+ Ng4+ 100. Kg2 Kg5 101. Kg3 Nh6 102. Ra4 Nf5+ 103. Kf3 Nh4+ 104. Ke4 Kg4 105. Ra8 Kg5 106. Rh8 Ng6 107. Rh1 Kf6 108. Rh5 Ne7 109. Rh6+ Ng6 110. Rh2 Ne7 111. Rf2+ Ke6 112. Ra2 Kd6 113. Rd2+ Ke6 114. Rd8 Nc6 115. Rh8 Kd6 116. Rh5 Ne7 117. Rh6+ Kd7 118. Ra6 Nc6 119. Rb6 Kd6 120. Rb1 Ke6 121. Rd1 Ne7 1/2-1/2

[Event "32nd Pula Open 2018"]
[Site "Pula"]
[Date "2018.06.29"]
[Round "8"]
[White "Saric, Ante"]
[Black "Franic, Milan"]
[Result "1/2-1/2"]
[ECO "A81"]
[WhiteElo "2543"]
[BlackElo "2379"]
[Annotator "ChessBase"]
[PlyCount "112"]
[EventDate "2018.??.??"]
[EventCountry "CRO"]
[SourceTitle "playchess.com"]
[Source "ChessBase"]
[SourceQuality "1"]
[TimeControl "5400+30"]

1. Nf3 b6 2. g3 Bb7 3. Bg2 g6 4. d4 Bg7 5. c4 f5 6. Nc3 Nf6 7. d5 O-O 8. O-O c6 9. Nd4 c5 10. Nc2 d6 11. e4 fxe4 12. Re1 Nbd7 13. Nxe4 Nxe4 14. Rxe4 Nf6 15. Re2 Bc8 16. b3 Bg4 17. f3 Bd7 18. a4 a6 19. Bb2 Rf7 20. Na3 Qf8 21. Qd2 Rb8 22. Rae1 Rb7 23. f4 Ne8 24. Re4 Bxb2 25. Qxb2 Ng7 26. Qc3 Nf5 27. Bh3 Bc8 28. Nc2 Qh6 29. Bf1 Qg7 30. Qd3 h5 31. Bg2 Bd7 32. Re6 Rb8 33. R6e2 b5 34. axb5 axb5 35. Be4 bxc4 36. bxc4 Kh7 37. Rf2 Qf6 38. Qf3 Kg7 39. Bxf5 Bxf5 40. Ne3 Bc8 41. Qd1 Qc3 42. Qa1 Qxa1 43. Rxa1 Rb3 44. Re2 Bh3 45. Ree1 Kf6 46. Rab1 Rc3 47. Rbc1 Rxc1 48. Rxc1 Rf8 49. Ra1 Rb8 50. Ra2 Rb3 51. Kf2 Rc3 52. Ke2 Bf5 53. Kd2 Rd3+ 54. Ke2 Rd4 55. Rd2 Rxd2+ 56. Kxd2 Be4 1/2-1/2

[Event "32nd Pula Open 2018"]
[Site "Pula"]
[Date "2018.06.29"]
[Round "8"]
[White "Fernandez, Daniel Howard"]
[Black "Beletic, Daniel"]
[Result "1-0"]
[ECO "A02"]
[WhiteElo "2485"]
[BlackElo "2370"]
[Annotator "ChessBase"]
[PlyCount "113"]
[EventDate "2018.??.??"]
[EventCountry "CRO"]
[SourceTitle "playchess.com"]
[Source "ChessBase"]
[SourceQuality "1"]
[TimeControl "5400+30"]

1. f4 b6 2. a4 a6 3. b3 Bb7 4. Bb2 Nf6 5. Nf3 c5 6. e3 e6 7. Be2 d6 8. O-O Nbd7 9. c4 Qc7 10. Nc3 h6 11. d4 g5 12. d5 Rg8 13. a5 bxa5 14. f5 e5 15. Nd2 g4 16. Nde4 h5 17. Ra3 Bh6 18. Qd3 Rb8 19. Rfa1 Bc8 20. Nxf6+ Nxf6 21. Bd1 Qe7 22. e4 h4 23. Rxa5 Nh5 24. g3 hxg3 25. hxg3 Qg5 26. R5a2 Qe3+ 27. Qxe3 Bxe3+ 28. Kg2 Nf6 29. Bc2 Rh8 30. Rh1 Rxh1 31. Kxh1 Bd4 32. Nd1 Kf8 33. Bc1 Kg7 34. Kg2 Bb7 35. Nf2 Rh8 36. Bd3 Bxf2 37. Rxf2 Rh3 38. Re2 Nh5 39. Re3 Nf6 40. Bd2 Rh8 41. Ba5 Rc8 42. Re1 Rh8 43. Bc2 Kf8 44. Bd8 Rh6 45. Bd1 Kg7 46. Bc7 Ne8 47. Bb8 Kf6 48. Bxg4 Ke7 49. Bf3 Kd7 50. Rb1 a5 51. Ra1 Kc8 52. Ba7 Kc7 53. Rxa5 Nf6 54. b4 cxb4 55. c5 dxc5 56. Rxc5+ Kd7 57. Bb8 1-0

[Event "32nd Pula Open 2018"]
[Site "Pula"]
[Date "2018.06.29"]
[Round "8"]
[White "Gumularz, Szymon"]
[Black "Christensen, Jan"]
[Result "1-0"]
[ECO "C54"]
[WhiteElo "2452"]
[BlackElo "2181"]
[Annotator "ChessBase"]
[PlyCount "41"]
[EventDate "2018.??.??"]
[EventCountry "CRO"]
[SourceTitle "playchess.com"]
[Source "ChessBase"]
[SourceQuality "1"]
[TimeControl "5400+30"]

1. e4 e5 2. Nf3 Nc6 3. Bc4 Bc5 4. c3 Nf6 5. d3 d6 6. Nbd2 a6 7. Bb3 Ba7 8. O-O h6 9. Re1 g5 10. Nf1 g4 11. N3d2 h5 12. Nc4 h4 13. Be3 h3 14. g3 d5 15. exd5 Qxd5 16. f3 gxf3 17. Qd2 Ng4 18. Nxe5 f2+ 19. Qxf2 Nxf2 20. Bxd5 Nxe5 21. Bxf2 1-0

[Event "32nd Pula Open 2018"]
[Site "Pula"]
[Date "2018.06.29"]
[Round "8"]
[White "Haria, Ravi"]
[Black "Tratar, Marko"]
[Result "1/2-1/2"]
[ECO "A37"]
[WhiteElo "2440"]
[BlackElo "2449"]
[Annotator "ChessBase"]
[PlyCount "69"]
[EventDate "2018.??.??"]
[EventCountry "CRO"]
[SourceTitle "playchess.com"]
[Source "ChessBase"]
[SourceQuality "1"]
[TimeControl "5400+30"]

1. Nf3 b6 2. g3 Bb7 3. Bg2 g6 4. O-O Bg7 5. c4 c5 6. Nc3 Nc6 7. b3 e6 8. Bb2 Nge7 9. Qc1 O-O 10. Nb5 d5 11. Bxg7 Kxg7 12. Qb2+ Kg8 13. cxd5 Nxd5 14. Rfd1 a6 15. Na3 Qe7 16. Nc4 b5 17. Nce5 Nxe5 18. Nxe5 f6 19. Nc4 Nb4 20. Bxb7 Qxb7 21. Ne3 e5 22. Rac1 Rac8 23. a3 Nd5 24. Nxd5 Qxd5 25. d3 Rc6 26. Rc3 Rfc8 27. Rdc1 Kg7 28. R1c2 R6c7 29. Qc1 Rc6 30. Qf1 R8c7 31. Qg2 Qxg2+ 32. Kxg2 Kf7 33. Kf3 Ke6 34. Ke3 h5 35. h4 1/2-1/2

[Event "32nd Pula Open 2018"]
[Site "Pula"]
[Date "2018.06.29"]
[Round "8"]
[White "Horton, Andrew P"]
[Black "Guid, Matej"]
[Result "1-0"]
[ECO "A14"]
[WhiteElo "2407"]
[BlackElo "2358"]
[Annotator "ChessBase"]
[PlyCount "81"]
[EventDate "2018.??.??"]
[EventCountry "CRO"]
[SourceTitle "playchess.com"]
[Source "ChessBase"]
[SourceQuality "1"]
[TimeControl "5400+30"]

1. Nf3 Nf6 2. c4 e6 3. g3 d5 4. Bg2 Be7 5. O-O O-O 6. b3 d4 7. Bb2 c5 8. e3 Nc6 9. exd4 cxd4 10. Re1 Re8 11. d3 Bc5 12. a3 a5 13. Ne5 Nxe5 14. Rxe5 Nd7 15. Re1 e5 16. Nd2 Ra6 17. Rb1 Rb6 18. Bc1 Nf6 19. Ne4 Nxe4 20. Bxe4 Qd6 21. Bd2 Ra6 22. b4 axb4 23. axb4 Ba7 24. f4 Qf6 25. fxe5 Rxe5 26. Ra1 g6 27. Bf4 Ree6 28. Rxa6 bxa6 29. Bd5 Re3 30. Bxe3 dxe3 31. Qf3 Bf5 32. c5 Qd4 33. Bc4 e2+ 34. Kg2 Qd7 35. Qd5 Qe7 36. Qf3 a5 37. Rxe2 Qf6 38. g4 Qg5 39. h4 Qxh4 40. gxf5 axb4 41. fxg6 1-0

[Event "32nd Pula Open 2018"]
[Site "Pula"]
[Date "2018.06.29"]
[Round "8"]
[White "Zufic, Miroslav"]
[Black "Karsay, Pascal"]
[Result "1-0"]
[ECO "E14"]
[WhiteElo "2384"]
[BlackElo "2227"]
[Annotator "NA"]
[PlyCount "28"]
[EventDate "2018.??.??"]
[EventCountry "CRO"]
[SourceTitle "playchess.com"]
[Source "ChessBase"]
[SourceQuality "1"]
[TimeControl "5400+30"]

1. d4 Nf6 2. Nf3 e6 3. e3 b6 4. Bd3 Bb7 5. O-O Be7 6. c4 O-O 7. Nc3 d5 8. cxd5 exd5 9. b3 Nbd7 10. Bb2 c5 11. Ne5 cxd4 12. exd4 Ne4 13. Ne2 Rc8 14. f3 Nd6 1-0

[Event "32nd Pula Open 2018"]
[Site "Pula"]
[Date "2018.06.29"]
[Round "8"]
[White "Popovic, Milan S"]
[Black "Fercec, Nenad"]
[Result "0-1"]
[ECO "C27"]
[WhiteElo "2264"]
[BlackElo "2436"]
[Annotator "ChessBase"]
[PlyCount "72"]
[EventDate "2018.??.??"]
[EventCountry "CRO"]
[SourceTitle "playchess.com"]
[Source "ChessBase"]
[SourceQuality "1"]
[TimeControl "5400+30"]

1. e4 e5 2. Nc3 Nf6 3. Bc4 Nxe4 4. Qh5 Nd6 5. Bb3 Be7 6. Qxe5 O-O 7. d4 c6 8. Nge2 Ne8 9. O-O d5 10. Bf4 Nd7 11. Qe3 Nd6 12. Qd2 Nb6 13. Rad1 Nbc4 14. Bxc4 Nxc4 15. Qc1 Bf5 16. Ng3 Bg6 17. Be3 h5 18. b3 Nd6 19. Nge2 h4 20. f3 Re8 21. Qd2 Nf5 22. Nb1 Bh7 23. c3 g5 24. Rfe1 f6 25. Bf2 Bd6 26. g4 Ng7 27. c4 Bc7 28. Kg2 Qd6 29. Bg1 Re7 30. Nbc3 a6 31. c5 Qd7 32. Nc1 Ne6 33. b4 Rae8 34. a4 Bf4 35. Be3 Bxe3 36. Rxe3 Nf4+ 0-1

[Event "32nd Pula Open 2018"]
[Site "Pula"]
[Date "2018.06.30"]
[Round "9"]
[White "Zelcic, Robert"]
[Black "Filipovic, Branko"]
[Result "1/2-1/2"]
[ECO "C10"]
[WhiteElo "2499"]
[BlackElo "2378"]
[Annotator "ChessBase"]
[PlyCount "96"]
[EventDate "2018.??.??"]
[EventCountry "CRO"]
[SourceTitle "playchess.com"]
[Source "ChessBase"]
[SourceQuality "1"]
[TimeControl "5400+30"]

1. e4 e6 2. d4 d5 3. Nc3 a6 4. Bd3 c5 5. dxc5 Nf6 6. exd5 Nxd5 7. Nxd5 Qxd5 8. Nf3 Bxc5 9. O-O O-O 10. Qe2 Nc6 11. Rd1 Qh5 12. Be4 Re8 13. Be3 Ne5 14. Bxc5 Nxf3+ 15. Qxf3 Qxc5 16. c3 Qc7 17. Rd2 Rb8 18. Rad1 e5 19. Bd5 Qe7 20. h3 g6 21. c4 Kg7 22. Qc3 f6 23. b4 Rd8 24. Re1 g5 25. Red1 Bd7 26. Qc2 Be8 27. c5 Bg6 28. Be4 Rxd2 29. Rxd2 Bxe4 30. Qxe4 Rc8 31. Rd6 Rc7 32. Qf5 Qf7 33. a3 Re7 34. a4 e4 35. b5 axb5 36. axb5 Re5 37. Qc8 Qc4 38. Qd7+ Kg6 39. c6 e3 40. fxe3 Rxe3 41. Rd1 bxc6 42. bxc6 Qe4 43. Qd4 Re1+ 44. Kh2 Qxd4 45. Rxd4 Rc1 46. Rd6 Kf5 47. h4 gxh4 48. Rd5+ Ke6 1/2-1/2

[Event "32nd Pula Open 2018"]
[Site "Pula"]
[Date "2018.06.30"]
[Round "9"]
[White "Tratar, Marko"]
[Black "McPhillips, Joseph"]
[Result "1/2-1/2"]
[ECO "A14"]
[WhiteElo "2449"]
[BlackElo "2399"]
[Annotator "ChessBase"]
[PlyCount "28"]
[EventDate "2018.??.??"]
[EventCountry "CRO"]
[SourceTitle "playchess.com"]
[Source "ChessBase"]
[SourceQuality "1"]
[TimeControl "5400+30"]

1. c4 e6 2. g3 d5 3. Bg2 Nf6 4. Nf3 Be7 5. O-O O-O 6. b3 d4 7. e3 c5 8. exd4 cxd4 9. Bb2 Nc6 10. Re1 Re8 11. d3 Bb4 12. Nbd2 e5 13. a3 Bc3 14. Qc2 Bf5 1/2-1/2

[Event "32nd Pula Open 2018"]
[Site "Pula"]
[Date "2018.06.30"]
[Round "9"]
[White "Haria, Ravi"]
[Black "Fernandez, Daniel Howard"]
[Result "1/2-1/2"]
[ECO "A41"]
[WhiteElo "2440"]
[BlackElo "2485"]
[Annotator "ChessBase"]
[PlyCount "27"]
[EventDate "2018.??.??"]
[EventCountry "CRO"]
[SourceTitle "playchess.com"]
[Source "ChessBase"]
[SourceQuality "1"]
[TimeControl "5400+30"]

1. Nf3 d6 2. d4 Bg4 3. e4 Nd7 4. h3 Bxf3 5. Qxf3 g6 6. Bd3 Bg7 7. c3 c5 8. d5 a6 9. a4 Ne5 10. Qe2 Nxd3+ 11. Qxd3 Nf6 12. O-O O-O 13. Be3 b5 14. axb5 1/2-1/2

[Event "32nd Pula Open 2018"]
[Site "Pula"]
[Date "2018.06.30"]
[Round "9"]
[White "Fercec, Nenad"]
[Black "Gumularz, Szymon"]
[Result "1/2-1/2"]
[ECO "B60"]
[WhiteElo "2436"]
[BlackElo "2452"]
[Annotator "ChessBase"]
[PlyCount "25"]
[EventDate "2018.??.??"]
[EventCountry "CRO"]
[SourceTitle "playchess.com"]
[Source "ChessBase"]
[SourceQuality "1"]
[TimeControl "5400+30"]

1. e4 c5 2. Nf3 d6 3. d4 cxd4 4. Nxd4 Nf6 5. Nc3 Nc6 6. Bg5 Bd7 7. Be2 a6 8. Bxf6 gxf6 9. Nf5 Qa5 10. O-O O-O-O 11. a3 Qe5 12. Bd3 e6 13. Ne3 1/2-1/2

[Event "32nd Pula Open 2018"]
[Site "Pula"]
[Date "2018.06.30"]
[Round "9"]
[White "Schnider, Gert"]
[Black "Mihalinec, Damir"]
[Result "1-0"]
[ECO "B76"]
[WhiteElo "2422"]
[BlackElo "2203"]
[Annotator "ChessBase"]
[PlyCount "87"]
[EventDate "2018.??.??"]
[EventCountry "CRO"]
[SourceTitle "playchess.com"]
[Source "ChessBase"]
[SourceQuality "1"]
[TimeControl "5400+30"]

1. e4 c5 2. Nf3 d6 3. d4 cxd4 4. Nxd4 Nf6 5. Nc3 g6 6. Be3 Bg7 7. f3 O-O 8. Qd2 Nc6 9. g4 Bxg4 10. fxg4 Nxg4 11. Nb3 a5 12. a4 Nb4 13. O-O-O Rc8 14. Kb1 Nxe3 15. Qxe3 e6 16. h4 Qc7 17. Nd4 d5 18. exd5 Bxd4 19. Qxd4 Nxd5 20. Nxd5 Qxc2+ 21. Ka1 exd5 22. h5 Qe4 23. Rh4 Qxd4 24. Rhxd4 Rfd8 25. Bg2 Rc2 26. Bxd5 Rb8 27. Rf1 Rc7 28. Rdf4 Rf8 29. h6 Rd7 30. Bc4 Re7 31. Ka2 Rd7 32. Kb3 Rc7 33. R1f3 Rd7 34. Rf6 Rc7 35. Kc3 Rfc8 36. b3 Rd7 37. Re3 Kf8 38. Re5 Ra8 39. Rb5 Rc7 40. Kd4 Ke8 41. Bd5 Ra7 42. Rc5 Re7 43. Rc8+ Kd7 44. Rf8 1-0

[Event "32nd Pula Open 2018"]
[Site "Pula"]
[Date "2018.06.30"]
[Round "9"]
[White "Zufic, Miroslav"]
[Black "Plenca, Jadranko"]
[Result "1/2-1/2"]
[ECO "C65"]
[WhiteElo "2384"]
[BlackElo "2482"]
[Annotator "ChessBase"]
[PlyCount "118"]
[EventDate "2018.??.??"]
[EventCountry "CRO"]
[SourceTitle "playchess.com"]
[Source "ChessBase"]
[SourceQuality "1"]
[TimeControl "5400+30"]

1. e4 e5 2. Nf3 Nc6 3. Bb5 Bc5 4. c3 Nf6 5. d3 d6 6. Nbd2 Bd7 7. O-O O-O 8. b4 Bb6 9. Nc4 Ne7 10. Bxd7 Qxd7 11. a4 c6 12. Nxb6 axb6 13. Be3 Qc7 14. Nd2 Ng6 15. g3 d5 16. Qf3 Rfd8 17. c4 d4 18. Bg5 Rd6 19. Nb3 c5 20. Bd2 cxb4 21. Bxb4 Rc6 22. Ra2 h5 23. a5 bxa5 24. Rxa5 Rxa5 25. Bxa5 Qc8 26. Bd2 Qh3 27. Qg2 Qd7 28. Rb1 b6 29. Ra1 b5 30. Na5 Ra6 31. Rb1 bxc4 32. Nxc4 Ra2 33. h3 h4 34. g4 Qa7 35. Qf3 Nd7 36. Qf5 Ra1 37. Rxa1 Qxa1+ 38. Kg2 Qa7 39. g5 Qc7 40. Ba5 Qc6 41. Bd2 Qc7 42. Ba5 Qa7 43. Bd2 Nc5 44. Nxe5 Nxe5 45. Qxe5 Nxd3 46. Qd5 Qb6 47. Qa8+ Kh7 48. Qd5 Qa7 49. Qf5+ g6 50. Qf6 Qa2 51. Kf3 Ne5+ 52. Qxe5 Qxd2 53. Qf4 Qc3+ 54. Kg2 Kg7 55. Qe5+ Kh7 56. Qd5 Kg8 57. Qd8+ Kg7 58. Qf6+ Kg8 59. Qd8+ Kg7 1/2-1/2

[Event "32nd Pula Open 2018"]
[Site "Pula"]
[Date "2018.06.30"]
[Round "9"]
[White "Franic, Milan"]
[Black "Loncar, Robert"]
[Result "0-1"]
[ECO "D50"]
[WhiteElo "2379"]
[BlackElo "2423"]
[Annotator "NA"]
[PlyCount "130"]
[EventDate "2018.??.??"]
[EventCountry "CRO"]
[SourceTitle "playchess.com"]
[Source "ChessBase"]
[SourceQuality "1"]
[TimeControl "5400+30"]

1. d4 d5 2. c4 e6 3. Nc3 Nf6 4. Bg5 dxc4 5. e4 c5 {D50: Queen's Gambit Declined: Dutch-Peruvian Gambit} 6. d5 Be7 {LiveBook: 7 Games} 7. Bxf6 Bxf6 8. Bxc4 exd5 9. Bxd5 O-O 10. Nf3 Nc6 $146 ({Predecessor:} 10... Qb6 11. Rb1 Nc6 12. Nd2 Be6 13. O-O {0-1 (28) Dydyshko,V (2480)-Kharlov,A (2555) Swidnica 1997}) 11. O-O Bg4 12. h3 Bh5 13. Re1 Qa5 14. g4 Bg6 15. e5 Be7 16. Bxc6 bxc6 17. Qd7 Bd8 18. Rac1 Rb8 19. b3 ({Much weaker is} 19. Qxc6 Rb6 $15) 19... Qa6 20. e6 Rb7 21. Qd6 Bc7 22. Qd1 ({Much worse is} 22. Qxc5 Bb6 $15) 22... fxe6 23. Na4 Bb6 24. Rxe6 Rbf7 25. Rc3 {[#]} c4 $1 26. Nxb6 axb6 27. bxc4 Qxa2 28. Kg2 Rf4 29. Qe1 $15 (29. Re2 $5 Qa5 30. Rce3 $11) 29... Rxc4 30. Rxc6 Rxc6 31. Rxc6 Rxf3 32. Rc8+ Rf8 33. Rxf8+ Kxf8 34. Qb4+ Kg8 35. Qxb6 Qd5+ 36. f3 Be8 37. Qb8 Qd2+ 38. Kg3 Qe3 39. Kg2 h6 40. h4 Qe7 41. h5 Qf8 42. Qb3+ Bf7 43. Qd3 Qa8 44. Kg3 Qd5 45. Qc3 Qd6+ 46. Kg2 Bd5 47. Qc8+ Qf8 48. Qc3 Qe8 49. Kf2 Qc6 50. Qe3 Qf6 51. Kg3 Kf7 52. Kg2 Qd6 53. Qd3 Qe5 54. Kf2 Ke7 55. Kg2 Bc6 56. Qa3+ Ke6 57. Qd3 Bb5 58. Qb3+ Kf6 59. Qa3 Qe2+ 60. Kh3 Qf1+ 61. Kh2 Qf2+ 62. Kh1 Kg5 63. Qe7+ Kf4 64. Qc7+ Kxf3 65. Qc3+ Qe3 0-1

[Event "32nd Pula Open 2018"]
[Site "Pula"]
[Date "2018.06.30"]
[Round "9"]
[White "Beletic, Daniel"]
[Black "Zherebtsova, Alexandra"]
[Result "1-0"]
[ECO "A43"]
[WhiteElo "2370"]
[BlackElo "2195"]
[Annotator "NA"]
[PlyCount "97"]
[EventDate "2018.??.??"]
[EventCountry "CRO"]
[SourceTitle "playchess.com"]
[Source "ChessBase"]
[SourceQuality "1"]
[TimeControl "5400+30"]

1. d4 Nf6 2. Nf3 c5 3. d5 b5 4. Bg5 Qb6 5. Bxf6 Qxf6 6. c3 {LiveBook: 150 Games} g6 7. e4 {A43: Schmid Benoni} Qb6 8. a4 bxa4 9. Na3 d6 $146 ({Predecessor:} 9... Qxb2 10. Nb5 Bg7 11. e5 a6 12. Rb1 Qxb5 13. Bxb5 axb5 14. Rxb5 {1-0 (34) Riazantsev,A (2679)-Vaisser,A (2533) Mulhouse 2011}) 10. Qxa4+ Bd7 11. Bb5 Bg7 12. Bxd7+ Nxd7 13. Nc4 Qd8 14. Qa5 Qb8 15. Qa4 Qd8 16. Na5 O-O 17. Nc6 Qe8 18. O-O a6 19. Nd2 Nb8 20. Na5 Qb5 21. Ndc4 f5 22. Qc2 Nd7 23. f4 Nb6 24. Nxb6 Qxb6 25. Rfe1 fxe4 26. Rxe4 c4+ 27. Kh1 Qb5 28. Nxc4 Rac8 $18 (28... g5 $14) 29. Ne3 e5 30. dxe6 d5 31. Rea4 d4 32. Ra5 Qe8 33. Nd5 Qxe6 34. c4 Rfe8 35. h3 Qe2 36. Qxe2 Rxe2 37. Rxa6 d3 38. Rd1 Rxc4 39. Ra8+ Kf7 40. Ra7+ Kf8 41. Rxd3 Rxb2 42. Nb6 Rd4 43. Nd7+ Ke8 44. Re3+ Kd8 45. Nc5 Rd1+ 46. Kh2 Bh6 47. Ne6+ Kc8 48. Rxh7 Rdd2 49. Rg3 1-0